 Dungeon Crawl Stone Soup version 0.29-a0-296-gda187f2e07 (webtiles) character file.

Game seed: 16099238821576363538

52 Dabor the Ducker (level 3, -4/36 HPs)
             Began as a Troll Fighter on Mar 19, 2022.
             Was a Follower of Wu Jian.
             Slain by Terence
             ... wielding a +4 mace of pain
              (5 damage)
             ... on level 2 of the Dungeon.
             The game lasted 00:01:55 (899 turns).

Dabor the Ducker (Troll Fighter)                     Turns: 899, Time: 00:01:56

Health: -4/36      AC:  4    Str: 26    XL:     3   Next: 60%
Magic:  2/2        EV:  8    Int:  4    God:    Wu Jian [*.....]
Gold:   85         SH:  7    Dex:  9    Spells: 2/2 levels left

rFire   . . .      SeeInvis .   a - +0 flail
rCold   . . .      Faith    .   c - +0 kite shield
rNeg    . . .      Spirit   .   b - +0 robe
rPois   .          Reflect  .   (helmet restricted)
rElec   .          Harm     .   (no cloak)
rCorr   .          Rampage  .   (gloves unavailable)
Will    .....                   (boots unavailable)
Stlth   +.........              (no amulet)
HPRegen 0.92/turn               (no ring)
MPRegen 0.08/turn               (no ring)

@: mighty
A: large, unfitting armour, claws 3, regeneration 1, shaggy fur 1, tough skin 1
a: Renounce Religion


You were on level 2 of the Dungeon.
You worshipped Wu Jian.
Wu Jian was aware of your devotion.
You visited 1 branch of the dungeon, and saw 2 of its levels.

You collected 85 gold pieces.

Inventory:

Hand Weapons
 a - a +0 flail (weapon)
Missiles
 h - 4 boomerangs (quivered)
Armour
 b - a +0 robe (worn)
 c - a +0 kite shield (worn)
Scrolls
 e - a scroll of identify {unknown}
 f - 2 scrolls of enchant weapon {unknown}
 i - a scroll of blinking {unknown}
Potions
 j - a potion of curing {unknown}


   Skills:
 + Level 2.8 Fighting
 + Level 2.3 Maces & Flails
 + Level 1.1 Armour
 + Level 2.8 Dodging
 - Level 2.4 Shields


You had 2 spell levels left.
You didn't know any spells.
Your spell library was empty.

Dungeon Overview and Level Annotations

Branches:
Dungeon (2/15)

Altars:
Wu Jian

Annotations:
D:2 Terence


Innate Abilities, Weirdness & Mutations

You are too large for most types of armour.
You have claws for hands.
Your natural rate of healing is unusually fast.
You are covered in fur. (AC +1)
You have tough skin. (AC +1)


Message History

Terence hits you but does no damage.
You writhe in agony.
Terence closely misses you.
You hit Terence.
Terence is lightly wounded.
Terence hits you with a +4 mace of pain.
You are too injured to fight recklessly!
Okay, then.
As you read the scroll labelled APUORAILEZ, it crumbles to dust.
You feel strangely unstable.
It was a scroll of teleportation.
Terence hits you with a +4 mace of pain.
Terence attacks as you move away! Terence barely misses you.
Terence zaps a wand.
Some rock shatters into small pieces.
Your surroundings suddenly seem different.
A hobgoblin comes into view. It is wielding a +0 hunting sling.
You feel very mighty all of a sudden. Terence completely misses you.
You hit Terence.
Terence is heavily wounded.
The hobgoblin shoots a sling bullet.
The sling bullet barely misses you.
The sling bullet hits Terence.
Terence hits you with a +4 mace of pain!
* * * LOW HITPOINT WARNING * * *
You block Terence's attack.
You barely miss Terence.
Terence is heavily wounded.
The hobgoblin shoots a sling bullet.
You block the sling bullet. Terence barely misses you.
You barely miss Terence.
Terence is heavily wounded.
Terence hits you with a +4 mace of pain.
* * * LOW HITPOINT WARNING * * *
The hobgoblin shoots a sling bullet.
The sling bullet hits you.
* * * LOW HITPOINT WARNING * * *
You barely miss Terence.
Terence is heavily wounded.
The hobgoblin shoots a sling bullet.
You block the sling bullet.
Terence hits you with a +4 mace of pain.
* * * LOW HITPOINT WARNING * * *
Terence hits you with a +4 mace of pain.
You die...

........# ##.......# #
..g..:...# ..# #......<#
#... #.......##..
##.......#.##.#
#.............# #@.#
##@## ##..## ##.†..###
#...##...# #.##.#...# #.
##.##.# ### ##
###.##...#..#..# #.. .#
##..............###.#..#


You could see Terence and a hobgoblin.

Vanquished Creatures
  3 worms (D:2)
  A dart slug (D:1)
  2 endoplasms
  4 giant cockroaches
  A goblin (D:1)
  5 hobgoblins
  2 jackals (D:1)
  11 ball pythons
  4 bats
  3 kobolds (D:1)
  6 rats
42 creatures vanquished.

Notes
Turn   | Place    | Note
-------+----------+-------------------------------------------
     0 | D:1      | Dabor the Troll Fighter began the quest for the Orb.
     0 | D:1      | Reached XP level 1. HP: 22/22 MP: 0/0
    77 | D:1      | Reached XP level 2. HP: 29/29 MP: 1/1
   557 | D:1      | Reached XP level 3. HP: 36/36 MP: 2/2
   640 | D:1      | Found a faded altar of an unknown god.
   655 | D:1      | Prayed at the altar of an unknown god.
   655 | D:1      | Became a worshipper of the Wu Jian Council
   655 | D:1      | Reached * piety under Wu Jian
   779 | D:2      | Reached skill level 1 in Armour
   883 | D:2      | Noticed Terence
   899 | D:2      | HP: 1/36 [Terence/+4 mace of pain (3)]
   899 | D:2      | Slain by Terence

Illustrated notes

Levels and vault maps discovered:
D:1:      saegor_arrival_miasma, layout_basic,
          hellmonk_ecumenical_altar_prayer_group, dk_noncrumbling_4,
          minmay_misc_feat_pillars, serial_bayou_ford_a
D:2:      layout_loops_ring, minmay_misc_feat_columns, uniq_terence

Skill      XL: |  1  2  3 |
---------------+----------+-----
Maces & Flails | 2 |  2.3
Armour         | 1 |  1.1
Fighting       | |  2.8
Dodging        | |  2.8
Shields        | |  2.4

Action                   || total
-------------------------++-------
Melee: Flail             ||   123
Invok: Lunge             ||     2
  Use: Scroll            ||     1
       Potion            ||     1
 Stab: Sleeping          ||     1
Armor: Robe              ||    56
Dodge: Dodged            ||    59
Block: Kite shield       ||    52

Table legend: (Time is in decaauts)
 A = Elapsed time spent in this place.
 B = Non-inter-level travel time spent in this place.
 C = Inter-level travel time spent in this place.
 D = Time resting spent in this place.
 E = Time spent auto-exploring this place.
 F = Levels seen in this place.
 G = Mean time per level.
                   A        B        C        D        E       F      G
               +--------+--------+--------+--------+--------+-----+--------+
         Total |    957 |    900 |     57 |      0 |    555 |   2 |  478.5 |
       Dungeon |    957 |    900 |     57 |      0 |    555 |   2 |  478.5 |
               +--------+--------+--------+--------+--------+-----+--------+

Top non-repeatable levels by time:
     D:1: 757 daAuts
     D:2: 199 daAuts
